 Dungeon Crawl Stone Soup version 0.28-a0-1594-ga885d4b3d6 (webtiles) character file.

Game seed: 12764453797829294677

506 belegose the Skirmisher (level 6, 0/47 (52) HPs)
             Began as a Draconian Abyssal Knight on Jan 20, 2022.
             Was a Priest of Lugonu.
             Slain by a wight (10 damage)
             ... on level 3 of the Dungeon.
             The game lasted 00:11:44 (4221 turns).

belegose the Skirmisher (Draconian Abyssal Knight)  Turns: 4221, Time: 00:11:44

HP:   0/47 (52)     AC:  7    Str: 15    XL:     6   Next: 97%
MP:   9/9           EV: 13    Int: 12    God:    Lugonu [***...]
Gold: 306           SH:  0    Dex: 12    Spells: 5/5 levels left

rFire   . . .      SeeInvis .   a - +1 falchion
rCold   . . .      Faith    .   (no shield)
rNeg    . . .      Spirit   .   (armour unavailable)
rPois   .          Reflect  .   (helmet restricted)
rElec   .          Harm     .   (no cloak)
rCorr   .          Rampage  .   n - +0 pair of gloves
Will    .....                   (no boots)
Stlth   ++........              (no amulet)
HPRegen 0.15/turn               e - ring of flight
MPRegen 0.11/turn               l - ring of wizardry

@: flying, drained
A: AC +6, unfitting armour, cold-blooded
a: Renounce Religion, Depart the Abyss, Bend Space, Banish


You were on level 3 of the Dungeon.
You worshipped Lugonu.
Lugonu was most pleased with you.
You visited 1 branch of the dungeon, and saw 4 of its levels.
You visited the Abyss 1 time.
You also visited: Sewer.

You collected 306 gold pieces.

Inventory:

Hand Weapons
 a - a +1 falchion (weapon)
 b - a +1 dagger of venom
 w - a +1 short sword of freezing
Missiles
 h - 55 stones
Armour
 n - a +0 pair of gloves (worn)
Magical Staves
 p - a staff of cold
Jewellery
 e - a ring of flight (left hand)
 g - a ring of positive energy
 l - a ring of wizardry (right hand)
Scrolls
 d - 2 scrolls of enchant armour {unknown}
 f - a scroll of immolation {unknown}
 i - 2 scrolls of amnesia {unknown}
 j - 2 scrolls of teleportation {unknown}
 m - 3 scrolls of identify {unknown}
 t - a scroll of fear {unknown}
 u - a scroll of vulnerability {unknown}
 x - a scroll of acquirement {unknown}
Potions
 c - 2 potions of berserk rage {unknown}
 k - 5 potions of haste {unknown}
 o - a potion of attraction {unknown}
 q - a potion of flight {unknown}
 r - a potion of heal wounds {unknown}
 s - 3 potions of might {unknown}
 v - a potion of brilliance {unknown}


   Skills:
 - Level 4.2 Fighting
 + Level 3.7 Long Blades
 + Level 3.6 Dodging
 + Level 3.0 Stealth
 + Level 4.0 Invocations
 + Level 1.8 Evocations


You had 5 spell levels left.
You didn't know any spells.
Your spell library contained the following spells:

 Spells                   Type           Power      Damage    Failure   Level
 Tukima's Dance           Hex            0%         N/A       36%         3
 Passage of Golubria      Tloc           0%         N/A       75%         4
 Yara's Violent Unravell  Hex/Tmut       0%         3d3       97%         5


Dungeon Overview and Level Annotations

Branches:
Dungeon (4/15)              Sewer (visited)
 Temple: D:4-7

Altars:
Gozag

Annotations:
D:2 Grinder


Innate Abilities, Weirdness & Mutations

Your plain brown scales are hard. (AC +6)
You cannot fit into any form of body armour.
You are cold-blooded and may be slowed by cold attacks.


Message History

The wight is severely damaged.
The wight hits you with a +0 short sword.
You feel drained.
You hit the wight.
The wight is almost destroyed.
The wight misses you.
You closely miss the wight.
The wight is almost destroyed.
The wight completely misses you.
You hit the wight.
You destroy the wight!
Lugonu accepts your kill.
Your Invocations skill increases to level 4!
You hit the wight.
The wight is lightly damaged.
The wight misses you.
The wight hits you with a +0 dire flail!
You barely miss the wight.
The wight is lightly damaged.
The wight hits you with a +0 dire flail.
You feel drained.
You see here a +0 dagger.
There is a stone staircase leading up here.
The wight closely misses you.
You fly upwards.
There is a stone staircase leading down here.
You hit the wight but do no damage.
The wight is lightly damaged.
The wight barely misses you.
You hit the wight but do no damage.
The wight is lightly damaged.
The wight hits you with a +0 dire flail!
You closely miss the wight.
The wight is lightly damaged.
The wight hits you with a +0 dire flail!
* * * LOW HITPOINT WARNING * * *
You feel drained.
* * * LOW HITPOINT WARNING * * *
The wight hits you with a +0 dire flail!
You die...

#.....#.≈#≈.≈#≈≈####....####..###
#####.#≈≈#≈.≈#≈≈# ##..### ##..#
#####..≈.##≈...≈###..######8..#
#.....≈≈≈###..≈###........##..#
#......≈##.#####.....<........#
.#####.####......###.##########
.............##.## #.#
##..........###z####^#
#..........## #.@.##.#
...........# ###.##.#
...........# #.##.# #.........>#
#.##.# #.......>..# #.##.#
##........## #.##.# ##........##
#.##[# #..........# #.##.#
#..........# #.##.#


You could see a wight.

Vanquished Creatures
  A necrophage (D:4)
  A wight (D:4)
  2 jellies (Sewer)
  A bullfrog skeleton (D:3)
  An orc priest (D:3)
  Jessica (D:3)
  2 orc wizards
  Natasha (D:3)
  Robin (D:3)
  3 adders
  2 worms
  2 dart slugs (D:3)
  8 orcs
  15 endoplasms
  7 giant cockroaches
  17 goblins
  6 hobgoblins
  2 jackals (D:1)
  8 quokkas
  8 ball pythons
  3 bats
  8 frilled lizards
  6 kobolds
  11 rats
117 creatures vanquished.

Notes
Turn   | Place    | Note
-------+----------+-------------------------------------------
     0 | Abyss:1  | belegose the Draconian Abyssal Knight began the quest for
                  | the Orb.
     0 | Abyss:1  | Reached XP level 1. HP: 19/19 MP: 2/2
    26 | Abyss:2  | Noticed a starcursed mass
    43 | Abyss:2  | Noticed a smoke demon
    45 | D:1      | Escaped the Abyss
   173 | D:1      | Reached XP level 2. HP: 26/26 MP: 3/3
   201 | D:1      | Reached * piety under Lugonu
   616 | D:1      | Reached skill level 1 in Stealth
   736 | D:1      | Reached XP level 3. HP: 31/31 MP: 4/4
   796 | D:1      | Found a faded altar of an unknown god.
  1683 | D:3      | Noticed Jessica
  1694 | D:3      | Killed Jessica
  1695 | D:3      | Reached XP level 4. HP: 27/40 MP: 4/6
  1725 | D:3      | Noticed Robin
  1820 | D:3      | Reached ** piety under Lugonu
  1858 | D:3      | Killed Robin
  1868 | D:3      | Noticed Natasha
  1875 | D:3      | Killed Natasha
  1876 | D:3      | Reached XP level 5. HP: 26/46 MP: 7/7
  1893 | D:3      | Found a glowing drain.
  1921 | Sewer    | Entered a sewer
  2503 | Sewer    | Found a viscous altar of Jiyva.
  2801 | D:3      | Reached skill level 1 in Evocations
  2801 | D:3      | Reached XP level 6. HP: 49/52 MP: 8/8
  2831 | D:3      | Noticed Grinder
  2845 | D:3      | Paralysed by Grinder for 4 turns
  2855 | D:3      | Paralysed by Grinder for 4 turns
  3090 | D:3      | Paralysed by Grinder for 5 turns
  3814 | D:4      | Reached *** piety under Lugonu
  4047 | D:4      | Found an opulent altar of Gozag.
  4221 | D:3      | Slain by a wight

Illustrated notes

Levels and vault maps discovered:
D:1:      dpeg_arrival_stonehenge_12_columns, layout_basic,
          shapermc_ecumenical_altar_mp_vishouse, minivault_25
D:2:      layout_loops_ring, kennysheep_generic_room_2
D:3:      layout_rooms, serial_corexii_hall, corexii_hall_statues_u,
          chequers_hall_statues_wall_a, gup_sewer_entry_pipe, uniq_natasha,
          uniq_jessica, uniq_robin, uniq_grinder
D:4:      minmay_evil_eye, layout_basic, old_standard_altar, serial_park_tiny_1

Skill      XL: |  1  2  3  4  5  6 |
---------------+-------------------+-----
Stealth        | 1 2 3 |  3.0
Fighting       | 4 |  4.2
Invocations    | 3 4 |  4.0
Long Blades    | 3 |  3.7
Dodging        | 3 |  3.6
Evocations     | 1 |  1.8

Action                   |  1- 3 |  4- 6 || total
-------------------------+-------+-------++-------
Melee: Falchion          |    27 |    40 ||    67
       Tailslap          |    11 |    42 ||    53
       Dagger            |    79 |   200 ||   279
       Punch             |     1 |     2 ||     3
Invok: Depart the Abyss  |     1 |       ||     1
 Stab: Sleeping          |     3 |     7 ||    10
Armor: Skin              |    28 |    38 ||    66
Dodge: Dodged            |    57 |   118 ||   175

Table legend: (Time is in decaauts)
 A = Elapsed time spent in this place.
 B = Non-inter-level travel time spent in this place.
 C = Inter-level travel time spent in this place.
 D = Time resting spent in this place.
 E = Time spent auto-exploring this place.
 F = Levels seen in this place.
 G = Mean time per level.
                   A        B        C        D        E       F      G
               +--------+--------+--------+--------+--------+-----+--------+
         Total |   4219 |   4002 |    217 |    919 |   1614 |   7 |  602.7 |
       Dungeon |   3321 |   3104 |    217 |    360 |   1571 |   4 |  830.2 |
         Abyss |     44 |     44 |      0 |      0 |     10 |   2 |   22.0 |
         Sewer |    853 |    853 |      0 |    559 |     33 |   1 |  853.0 |
               +--------+--------+--------+--------+--------+-----+--------+

Top non-repeatable levels by time:
     D:3: 1022 daAuts
   Sewer: 853 daAuts
     D:1: 851 daAuts
     D:4: 734 daAuts
     D:2: 712 daAuts
 Abyss:2: 26 daAuts
 Abyss:1: 18 daAuts
